 Dungeon Crawl Stone Soup version 0.32-a0-931-g5a2cda0630 (webtiles) character file.

Game seed: 11911901286409160141

61 nobo the Firebug (level 3, -1/27 HPs)
             Began as a Mountain Dwarf Fire Elementalist on Apr 14, 2024.
             Slain by Terence
             ... wielding a +0 short sword
              (5 damage)
             ... on level 2 of the Dungeon.
             The game lasted 00:02:03 (1564 turns).

nobo the Firebug (Mountain Dwarf Fire Elementalist) Turns: 1564, Time: 00:02:03

Health: -1/27      AC:  2    Str: 10    XL:     3   Next: 83%
Magic:  1/6        EV: 11    Int: 17    God:
Gold:   24         SH:  0    Dex: 10    Spells: 3/6 levels left

rFire   . . .        f - +0 dagger (freeze)
rCold   + . .        (no shield)
rNeg    . . .        e - +0 robe {rC+}
rPois   .            (no helmet)
rElec   .            (no cloak)
rCorr   .            (no gloves)
SInv    .            (no boots)
Will    .....        (no amulet)
Stlth   ++           (no ring)
HPRegen 0.24/turn    (no ring)
MPRegen 0.10/turn

%: no passive effects
@: no status effects
A: runic magic, artefact enchanting
a: no special abilities


You were on level 2 of the Dungeon.
You visited 1 branch of the dungeon, and saw 2 of its levels.

You collected 24 gold pieces.

Inventory:

Hand Weapons
 a - a +0 whip
 f - a +0 dagger of freezing (weapon)
Armour
 e - a +0 robe of cold resistance (worn)
 i - a +0 leather armour
Jewellery
 h - a ring of flight
Wands
 n - a wand of flame (4)
 o - a wand of charming (3)
Scrolls
 c - 4 scrolls of identify {unknown}
 d - a scroll of vulnerability {unknown}
 g - a scroll of teleportation {unknown}
 j - a scroll of enchant weapon {unknown}
 l - a scroll of noise {unknown}
 m - a scroll of fog {unknown}
 p - a scroll of poison {unknown}
Potions
 b - a potion of magic
 k - a potion of attraction {unknown}


   Skills:
 + Level 0.7 Fighting
 + Level 1.7 Dodging
 - Level 1.6 Stealth
 + Level 2.2 Spellcasting
 * Level 1.8 Conjurations
 * Level 4.2 Fire Magic


You had 3 spell levels left.
You knew the following spells:

 Your Spells              Type           Power      Damage    Failure   Level
a - Foxfire               Conj/Fire      48%        2x1d6     5%          1
b - Scorch                Fire           32%        2d6       4%          2

Your spell library contained the following spells:

 Spells                   Type           Power      Damage    Failure   Level
 Inner Flame              Hex/Fire       9%         N/A       24%         3
 Volatile Blastmotes      Fire/Tloc      18%        2d11      24%         3
 Dazzling Flash           Conj/Hex       8%         N/A       36%         3
 Flame Wave               Conj/Fire      12%        2d6       50%         4
 Sculpt Simulacrum        Ice/Alch       0%         N/A       100%        6
 Starburst                Conj/Fire      6%         6d4       100%        6
 Ozocubu's Refrigeration  Ice            0%         4d7       100%        7
 Maxwell's Capacitive Co  Air            0%         ∞         100%        8
 Polar Vortex             Ice            0%         N/A       100%        9


Dungeon Overview and Level Annotations

Branches:
Dungeon (2/15)

Altars:
Vehumet

Shops:
D:1 *

Annotations:
D:2 Terence


Innate Abilities, Weirdness & Mutations

Your spellcasting is much less encumbered by armour.
You can use scrolls of enchantment on lesser artefacts.


Message History

Terence is almost dead.
Terence misses you.
You closely miss Terence.
Terence is almost dead.
Terence closely misses you.
Casting: Foxfire (safe; 5% risk of failure)
Confirm with . or Enter, or press ? or * to list all spells.
You conjure some foxfire!
Terence barely misses you.
You barely miss Terence.
Terence is almost dead.
The foxfire hits Terence but does no damage.
Terence is almost dead.
The foxfire hits Terence but does no damage.
Terence is almost dead.
Terence hits you with a +0 short sword.
Unknown command.
You closely miss Terence.
Terence is almost dead.
Terence barely misses you.
You hit Terence but do no damage.
Terence is almost dead.
Terence hits you with a +0 short sword.
You hit Terence but do no damage.
Terence is almost dead.
Terence hits you with a +0 short sword!
* * * LOW HITPOINT WARNING * * *
You hit Terence but do no damage.
Terence is almost dead.
Terence hits you with a +0 short sword.
* * * LOW HITPOINT WARNING * * *
You closely miss Terence.
Terence is almost dead.
Terence shouts, "Get ready for death!"
Terence hits you with a +0 short sword.
* * * LOW HITPOINT WARNING * * *
You barely miss Terence.
Terence is almost dead.
Terence hits you with a +0 short sword.
You die...
Terence says, "Time to find some more victims."

#..####
#..########
##..........
##.)#########
#...# ##>##
#.# ###.###
#@@...#
#.....#
#.........
#..?..####
#.....#
#######


You could see Terence.

Vanquished Creatures
  Jessica (D:2)
  An adder (D:2)
  A dart slug (D:1)
  A ribbon worm (D:2)
  2 endoplasms
  2 giant cockroaches
  2 goblins (D:1)
  A hobgoblin (D:1)
  4 kobolds
  A quokka (D:1)
  A bat (D:1)
  3 frilled lizards (D:1)
  3 rats (D:1)
23 creatures vanquished.

Vanquished Creatures (others)
  88 foxfires
88 creatures vanquished.

Grand Total: 111 creatures vanquished

Notes
Turn   | Place    | Note
-------+----------+-------------------------------------------
     0 | D:1      | nobo the Mountain Dwarf Fire Elementalist began the quest
                  | for the Orb.
     0 | D:1      | Reached XP level 1. HP: 14/14 MP: 3/3
   241 | D:1      | Reached skill level 1 in Conjurations
   485 | D:1      | Reached XP level 2. HP: 20/20 MP: 0/4
   637 | D:1      | Learned a level 2 spell: Scorch
   849 | D:1      | Found Odoip's Assorted Antiques.
  1225 | D:2      | Noticed Jessica
  1229 | D:2      | Reached skill level 4 in Fire Magic
  1229 | D:2      | Reached XP level 3. HP: 23/26 MP: 0/6
  1235 | D:2      | Killed Jessica
  1522 | D:2      | Found a radiant altar of Vehumet.
  1542 | D:2      | Noticed Terence
  1564 | D:2      | Slain by Terence

Illustrated notes

Levels and vault maps discovered:
D:1:      lemuel_arrival_rhombus, layout_loops_ring, serial_shops,
          nicolae_shop_stone
D:2:      layout_loops_ring, basic_altar, minmay_close_crescents, uniq_jessica,
          uniq_terence, uniq_natasha

Skill      XL: |  1  2 |
---------------+-------+-----
Conjurations   | 1 |  1.8
Spellcasting   | 2 |  2.2
Fire Magic     | 4 |  4.2
Fighting       | |  0.7
Dodging        | |  1.7
Stealth        | |  1.6

Action                     || total
---------------------------++-------
  Melee: Dagger            ||    63
         Whip              ||     1
         Unarmed           ||     1
   Cast: Foxfire           ||    52
         Scorch            ||     2
  Evoke: Wand              ||     3
   Stab: Sleeping          ||     1
 Armour: Robe              ||    43
  Dodge: Dodged            ||    50

Table legend: (Time is in decaauts)
 A = Elapsed time spent in this place.
 B = Non-inter-level travel time spent in this place.
 C = Inter-level travel time spent in this place.
 D = Time resting spent in this place.
 E = Time spent auto-exploring this place.
 F = Levels seen in this place.
 G = Mean time per level.
                   A        B        C        D        E       F      G
               +--------+--------+--------+--------+--------+-----+--------+
         Total |   1562 |   1556 |      6 |      0 |   1297 |   2 |  781.0 |
       Dungeon |   1562 |   1556 |      6 |      0 |   1297 |   2 |  781.0 |
               +--------+--------+--------+--------+--------+-----+--------+

Top non-repeatable levels by time:
     D:1: 1188 daAuts
     D:2: 374 daAuts
